 Dungeon Crawl Stone Soup version 0.21.1-1-g345015fe64 (webtiles) character file.

492 Loge the Ruffian (level 6, -7/62 HPs)
             Began as a Troll Monk on July 18, 2018.
             Was an Elder of Cheibriados.
             Killed from afar by a gargoyle (27 damage)
             ... with a stone arrow
             ... on level 5 of the Dungeon.
             The game lasted 00:06:40 (2772 turns).

Loge the Ruffian (Troll Monk)                       Turns: 2772, Time: 00:06:41

Health: -7/62      AC:  6    Str: 30    XL:     6   Next: 91%
Magic:  6/6        EV: 11    Int: 16    God:    Cheibriados [****..]
Gold:   211        SH:  0    Dex: 24    Spells: 5/5 levels left

rFire    . . .     SeeInvis .     - Unarmed
rCold    . . .     Gourm    +   (no shield)
rNeg     . . .     Faith    .   a - +0 robe
rPois    .         Spirit   .   (helmet restricted)
rElec    .         Reflect  .   j - +0 cloak (curse)
rCorr    .         Harm     .   (gloves unavailable)
MR       .....                  (boots unavailable)
Stlth    ++........             (no amulet)
HPRegen  0.60/turn              (no ring)
MPRegen  0.10/turn              (no ring)

@: lethally poisoned (-7 -> -8), very slow
A: large, unfitting armour, claws 3, fast metabolism 3, gourmand, regeneration
1, shaggy fur 1, tough skin 2
a: Bend Time, Temporal Distortion, Slouch, Renounce Religion


You were on level 5 of the Dungeon.
You worshipped Cheibriados.
Cheibriados was greatly pleased with you.
You were very full.

You visited 1 branch of the dungeon, and saw 5 of its levels.

You collected 211 gold pieces.

Inventory:

Missiles
 d - 78 stones (quivered)
 w - 7 tomahawks
Armour
 a - a +0 robe (worn)
 j - a cursed +0 cloak (worn)
 v - a +0 large shield
Jewellery
 k - an uncursed ring of protection from magic {unknown}
 u - an uncursed ring of poison resistance {unknown}
 x - an uncursed ring of poison resistance {unknown}
Scrolls
 c - 2 scrolls of amnesia {unknown}
 f - a scroll of fear {unknown}
 g - 10 scrolls of identify {unknown}
 h - 2 scrolls of remove curse {unknown}
 i - 2 scrolls of enchant weapon {unknown}
 n - a scroll of enchant armour {unknown}
 o - a scroll of magic mapping {unknown}
 s - a scroll of random uselessness {unknown}
 A - a scroll of blinking {unknown}
 B - a scroll of teleportation {unknown}
Potions
 e - a potion of mutation {unknown}
 l - 2 potions of haste {unknown}
 m - a potion of agility {unknown}
 p - 2 potions of might {unknown}
 r - a potion of lignification {unknown}
 t - a potion of flight {unknown}
 z - a potion of degeneration {unknown}
Books
 y - a book of Maledictions

   Spells                             Type                      Level
   a - Corona                         Hexes                        1
   b - Ensorcelled Hibernation        Hexes/Ice                    2
   c - Confuse                        Hexes                        3
   d - Tukima's Dance                 Hexes                        3
   e - Dazzling Spray                 Conjuration/Hexes            3
Comestibles
 b - 7 rations
 q - 3 chunks of flesh


   Skills:
 + Level 3.8 Fighting
 - Level 2.4 Dodging
 - Level 1.0 Stealth
 + Level 1.7 Shields
 * Level 6.0 Unarmed Combat
 + Level 1.9 Invocations


You had 5 spell levels left.
You didn't know any spells.

Dungeon Overview and Level Annotations

Branches:
Dungeon (5/15)
 Temple: D:4-7

Altars:
Ashenzari
Cheibriados
Elyvilon
Gozag
Kikubaaqudgha
The Shining One


Innate Abilities, Weirdness & Mutations

You are too large for most types of armour.
You have claws for hands.
Your metabolism is lightning-fast.
You like to eat raw meat.
Your natural rate of healing is unusually fast.
You are covered in fur. (AC +1)
You have very tough skin. (AC +2)


Message History

The centaur skeleton is moderately damaged.
You feel sick.
The centaur skeleton hits you but does no damage. x2
You claw the centaur skeleton!
The centaur skeleton is severely damaged.
The centaur skeleton closely misses you.
You claw the centaur skeleton!
You destroy the centaur skeleton!
Cheibriados appreciates the change of pace.
Cheibriados raises the support of your attributes as your movement slows.
Your Unarmed Combat skill increases to level 6!
You feel sick.
The gargoyle hurls a stone arrow at you.
The stone arrow misses you.
Things that are here:
a scroll labeled LIEXIG CEUKH; a giant cockroach corpse You feel sick.
The gargoyle hurls a stone arrow at you.
The stone arrow hits you!
You die...

#.........)# ##
..8####).........#
...##...#.#...####
...>#.....#...#
...##..####...##.#
..8##.# #......# .
8# #. ##..###.#
...
#.####.......#.J..
........@###....._
.........?9..#.y
........###.#
...####.# # ...
#.# ## #.# #.. ##.


You could see a gargoyle.

Vanquished Creatures
  2 killer bees (D:5)
  A howler monkey (D:4)
  A centaur skeleton (D:5)
  An orc priest (D:5)
  2 bullfrog skeletons
  An orc wizard (D:5)
  2 worker ants
  6 adders
  An ooze (D:4)
  3 worms
  2 dart slugs (D:1)
  2 leopard geckos
  14 orcs
  8 giant cockroaches
  6 goblins
  9 hobgoblins
  3 jackals (D:1)
  9 kobolds
  A quokka (D:4)
  A ball python (D:2)
  7 bats
  7 frilled lizards
  9 rats
  A plant (D:3)
99 creatures vanquished.

Notes
Turn   | Place    | Note
-------+----------+-------------------------------------------
     0 | D:1      | Loge the Troll Monk began the quest for the Orb.
     0 | D:1      | Reached XP level 1. HP: 22/22 MP: 0/0
    66 | D:1      | Reached XP level 2. HP: 29/29 MP: 1/1
   220 | D:1      | Reached XP level 3. HP: 26/36 MP: 2/2
   254 | D:1      | Found a snail-covered altar of Cheibriados.
   271 | D:1      | Became a worshipper of Cheibriados the Contemplative
   271 | D:1      | Reached * piety under Cheibriados
   271 | D:1      | Reached ** piety under Cheibriados
   287 | D:1      | Reached skill level 4 in Unarmed Combat
  1154 | D:2      | Reached XP level 4. HP: 44/45 MP: 3/3
  1430 | D:3      | Reached *** piety under Cheibriados
  2039 | D:4      | Reached skill level 5 in Unarmed Combat
  2039 | D:4      | Reached XP level 5. HP: 52/53 MP: 4/4
  2176 | D:4      | Found an ancient bone altar of Kikubaaqudgha.
  2230 | D:4      | Reached skill level 1 in Shields
  2230 | D:4      | Reached skill level 1 in Invocations
  2305 | D:4      | Found a shattered altar of Ashenzari.
  2307 | D:4      | Found a glowing golden altar of the Shining One.
  2440 | D:4      | Found an opulent altar of Gozag.
  2671 | D:5      | Entered Level 5 of the Dungeon
  2676 | D:5      | Reached XP level 6. HP: 58/61 MP: 5/5
  2685 | D:5      | Reached **** piety under Cheibriados
  2750 | D:5      | Found a white marble altar of Elyvilon.
  2754 | D:5      | Noticed a gargoyle
  2770 | D:5      | Reached skill level 6 in Unarmed Combat
  2772 | D:5      | Killed from afar by a gargoyle

Skill      XL: |  1  2  3  4  5  6 |
---------------+-------------------+-----
Unarmed Combat | 4 5 6 |  6.0
Fighting       | 3 |  3.8
Shields        | 1 |  1.7
Invocations    | 1 |  1.9
Dodging        | |  2.4
Stealth        | |  1.0

Action                   |  1- 3 |  4- 6 || total
-------------------------+-------+-------++-------
Melee: Unarmed           |   111 |   147 ||   258
       Punch             |     2 |     6 ||     8
 Stab: Sleeping          |     4 |     8 ||    12
       Distracted        |       |     1 ||     1
  Eat: Chunk             |    13 |    10 ||    23
Armor: Robe              |    46 |    39 ||    85
Dodge: Dodged            |    59 |    65 ||   124
